 Dungeon Crawl Stone Soup version 0.22-a0-756-gc33bbe721d (webtiles) character file.

57 Kriby the Magician (level 3, -1/21 HPs)
             Began as a Deep Elf Warper on July 16, 2018.
             Slain by an orc wizard
             ... wielding a +0 dagger
              (4 damage)
             ... on level 3 of the Dungeon.
             The game lasted 00:05:29 (2735 turns).

Kriby the Magician (Deep Elf Warper)                Turns: 2735, Time: 00:05:29

Health: -1/21      AC:  3    Str:  7 (8)  XL:     3   Next: 73%
Magic:  10/10      EV: 11    Int: 16 (18) God:
Gold:   154        SH:  3    Dex: 11 (14) Spells: 6/10 levels left

rFire    . . .     SeeInvis .   i - +2 short sword (vamp)
rCold    . . .     Gourm    .   c - +0 buckler
rNeg     . . .     Faith    .   j - +0 leather armour (curse)
rPois    .         Spirit   .   (no helmet)
rElec    .         Reflect  .   (no cloak)
rCorr    .         Harm     .   (no gloves)
MR       .....                  (no boots)
Stlth    +.........             (no amulet)
HPRegen  0.07/turn              (no ring)
MPRegen  0.12/turn              (no ring)

@: berserk cooldown, slowed, very slow
A: no striking features
a: no special abilities


You were on level 3 of the Dungeon.
You were not hungry.

You visited 1 branch of the dungeon, and saw 3 of its levels.

You collected 154 gold pieces.

Inventory:

Hand Weapons
 a - a +0 short sword
 i - a +2 vampiric short sword (weapon)
Missiles
 e - 4 tomahawks of dispersal (quivered)
Armour
 b - a +0 leather armour
 c - a +0 buckler (worn)
 f - a +0 shield
 j - a cursed +0 leather armour (worn)
Scrolls
 d - 2 scrolls of blinking {@r4}
 g - 2 scrolls of identify {@r1}
 k - a scroll of magic mapping
Potions
 h - a potion of curing {@q1}
Comestibles
 l - 3 rations {@e1}


   Skills:
 + Level 2.0 Fighting
 - Level 2.0 Short Blades
 - Level 1.0 Throwing
 - Level 0.7 Armour
 + Level 3.1 Dodging
 + Level 1.0 Shields
 * Level 4.2 Spellcasting
 - Level 3.2 Translocations


You had 6 spell levels left.
You knew the following spells:

 Your Spells              Type           Power        Failure   Level  Hunger
a - Shroud of Golubria    Chrm/Tloc      #.........   28%         2    ##.....
b - Blink                 Tloc           N/A          14%         2    ##.....

Your spell library contained the following spells:

 Spells                   Type           Power        Failure   Level  Hunger
 Teleport Other           Tloc           ##......     28%         3    ###....
 Passage of Golubria      Tloc           N/A          67%         4    ####...
 Gell's Gravitas          Tloc           ##........   28%         3    ###....
 Lesser Beckoning         Tloc           ##........   28%         3    ###....


Dungeon Overview and Level Annotations

Branches:
Dungeon (3/15)

Altars:
Elyvilon
Qazlal


Message History

You are no longer berserk.
You are exhausted.
You feel yourself slow down.
You barely miss the orc wizard.
The orc wizard is severely wounded.
The orc wizard misses you. The orc wizard hits you with a dagger.
You barely miss the orc wizard.
The orc wizard is severely wounded.
The orc wizard misses you.
You hit the orc wizard.
The orc wizard is almost dead.
The orc wizard gestures wildly while chanting.
The orc wizard flickers and vanishes!
Deactivating autopickup; reactivate with Ctrl-A.
You hear some strange, mumbled words.
A puff of flame appears from out of thin air!
The puff of flame hits you!
* * * LOW HITPOINT WARNING * * *
You hit something but do no damage. Something hits you.
You die...

#..# #..# #..# #..#
#..# #..# #..######.
#{[....... #@####.###
#)# #.# #.# #.# ##)##
#.# ##.#)###.#######
##.###.#........#
#.## ##.........#
##.###.########.#####
##.#.## #......


There were no monsters in sight!

Vanquished Creatures
  An adder (D:3)
  4 orcs (D:3)
  3 bats
  4 giant cockroaches (D:2)
  8 goblins
  5 hobgoblins
  2 jackals (D:2)
  2 quokkas (D:2)
  A ball python (D:2)
  3 kobolds
  6 rats
39 creatures vanquished.

Vanquished Creatures (others)
  A jackal (D:2)
1 creature vanquished.

Grand Total: 40 creatures vanquished

Notes
Turn   | Place    | Note
-------+----------+-------------------------------------------
     0 | D:1      | Kriby the Deep Elf Warper began the quest for the Orb.
     0 | D:1      | Reached XP level 1. HP: 12/12 MP: 6/6
   145 | D:1      | Reached XP level 2. HP: 12/17 MP: 8/8
   682 | D:1      | Learned a level 2 spell: Blink
   685 | D:1      | Learned a level 2 spell: Shroud of Golubria
  1401 | D:2      | Found a stormy altar of Qazlal.
  1402 | D:2      | Noticed a water elemental
  1656 | D:2      | Noticed an air elemental
  1656 | D:2      | Noticed a fire elemental
  1656 | D:2      | Noticed an earth elemental
  1672 | D:2      | Reached XP level 3. HP: 19/21 MP: 10/10
  1858 | D:2      | Found a white marble altar of Elyvilon.
  2406 | D:3      | Reached skill level 4 in Spellcasting
  2520 | D:3      | Reached skill level 1 in Shields
  2735 | D:3      | Slain by an orc wizard

Vault maps used:
D:1:      grunt_arrival_lava_bath, feat_on_display
D:2:      elyvilon_altar_4, nicolae_qazlal_style_of_elements
D:3:      nicolae_ru_sacrificial_ziggurat, first_ration, uniq_natasha

Skill      XL: |  1  2  3 |
---------------+----------+-----
Dodging        | 3 |  3.1
Spellcasting   | 4 |  4.2
Fighting       | 2 |  2.0
Shields        | 1 |  1.0
Short Blades   | |  2.0
Throwing       | |  1.0
Armour         | |  0.7
Translocations | |  3.2

Action                   || total
-------------------------++-------
Melee: Short sword       ||   156
Throw: Tomahawk          ||     1
  Use: Potion            ||     3
       Scroll            ||     2
  Eat: Ration            ||     2
       Chunk             ||     3
Armor: Leather armour    ||    28
Dodge: Dodged            ||    90
Block: Buckler           ||    19

Table legend:
 A = Spawn XP
 B = Non-spawn XP
 C = Spawn XP percentage of total XP
 D = Spawn monster count
 E = Non-spawn monster count
 F = Spawn count percentage of total count
 G = Total turns spent on level
                    A         B        C        D         E        F      G
               +---------+---------+-------+---------+---------+-------+---------
         Total |       0 |      82 |   0.0 |       0 |      39 |   0.0 |  2735
               +---------+---------+-------+---------+---------+-------+---------
           D:1 |       0 |      18 |   0.0 |       0 |      11 |   0.0 |   967
           D:2 |       0 |      35 |   0.0 |       0 |      20 |   0.0 |  1420
           D:3 |       0 |      29 |   0.0 |       0 |       8 |   0.0 |   348
               +---------+---------+-------+---------+---------+-------+---------
